 Dungeon Crawl Stone Soup version 0.25-a0-35-g747a2b3 (webtiles) character file.

Game seed: 13313536658734919597, levelgen mode: deterministic

49815 Laraso the Carver (level 14, -2/110 HPs)
             Began as a Demonspawn Gladiator on Oct 19, 2019.
             Was the Champion of Wu Jian.
             Killed by divine providence
             ... invoked by a smoke demon
             ... summoned by an orc high priest
              (10 damage)
             ... on level 2 of the Orcish Mines.
             The game lasted 00:31:00 (21857 turns).

Laraso the Carver (Demonspawn Gladiator)           Turns: 21857, Time: 00:31:00

Health: -2/110     AC: 18    Str: 14    XL:     14   Next: 17%
Magic:  17/17      EV: 14    Int: 12    God:    Wu Jian [******]
Gold:   1254       SH: 11    Dex: 21    Spells: 13/13 levels left

rFire    . . .     SeeInvis .   Q - +2 long sword (protect)
rCold    + + .     Gourm    .   j - +0 large shield
rNeg     + . .     Faith    .   p - +2 chain mail {rC+}
rPois    +         Spirit   .   (helmet unavailable)
rElec    .         Reflect  .   v - +2 ratskin cloak {+Rats rPois rN+ Str-1 Int-1 Dex+1}
rCorr    .         Harm     .   c - +0 pair of gloves
MR       +....                  (no boots)
Stlth    ..........             (no amulet)
HPRegen  0.28/turn              G - ring of protection from cold
MPRegen  0.15/turn              M - +2 ring of evasion

@: no status effects
A: horns 3, agile 1, clever 1, demonic guardian 2, spiny 3, sturdy frame 2
a: Wall Jump, Serpent's Lash, Heavenly Storm, Renounce Religion, Evoke Ratskin


You were on level 2 of the Orcish Mines.
You worshipped Wu Jian.
Wu Jian was exalted by your worship.
You were not hungry.

You visited 4 branches of the dungeon, and saw 21 of its levels.

You collected 1332 gold pieces.
You spent 78 gold pieces at shops.

Inventory:

Hand Weapons
 Q - a +2 long sword of protection (weapon)
Missiles
 d - 3 throwing nets (quivered)
 e - 7 atropa-tipped darts
 o - 3 curare-tipped darts
Armour
 c - a +0 pair of gloves (worn)
 j - a +0 large shield (worn)
 p - a +2 chain mail of cold resistance (worn)
 v - the +2 ratskin cloak (worn) {+Rats rPois rN+ Str-1 Int-1 Dex+1}
   (You found it on level 6 of the Dungeon)

   It affects your strength (-1).
   It affects your intelligence (-1).
   It affects your dexterity (+1).
   It protects you from poison.
   It protects you from negative energy.
Jewellery
 G - a ring of protection from cold (left hand)
 M - a +2 ring of evasion (right hand)
Wands
 n - a wand of scattershot (6)
 r - a wand of flame (71)
 w - a wand of disintegration (13)
 z - a wand of iceblast (9)
 A - a wand of polymorph (5)
 C - a wand of enslavement (9)
 H - a wand of acid (32)
 J - a wand of paralysis (8)
Scrolls
 b - 4 scrolls of enchant weapon
 i - 4 scrolls of teleportation
 s - 3 scrolls of identify
 x - 3 scrolls of remove curse
 y - 2 scrolls of fog
 B - a scroll of fear
 D - 2 scrolls of magic mapping
 K - a scroll of brand weapon
 L - a scroll of enchant armour
 O - a scroll of amnesia
Potions
 g - a potion of resistance
 h - 4 potions of might
 k - 6 potions of mutation
 l - 4 potions of lignification
 m - 5 potions of flight
 q - a potion of invisibility
 u - a potion of magic
 E - 3 potions of brilliance
 F - a potion of cancellation
 P - 2 potions of haste
Comestibles
 a - 2 chunks of flesh
 f - 47 rations


   Skills:
 - Level 10.0 Fighting
 - Level 14.0 Long Blades
 - Level 1.7 Throwing
 * Level 9.7 Armour
 - Level 12.0 Dodging
 - Level 5.2 Evocations


You had 13 spell levels left.
You didn't know any spells.
Your spell library contained the following spells:

 Spells                   Type           Power        Failure   Level  Hunger
 Animate Skeleton         Necr           N/A          100%        1    ##.....
 Apportation              Tloc           #.....       100%        1    ##.....
 Beastly Appendage        Tmut           #.....       100%        1    ##.....
 Confusing Touch          Hex            #.....       100%        1    ##.....
 Flame Tongue             Conj/Fire      #....        100%        1    ##.....
 Summon Small Mammal      Summ           #...         100%        1    ##.....
 Sticks to Snakes         Tmut           #.......     100%        2    ###....
 Throw Flame              Conj/Fire      #.....       100%        2    ###....
 Conjure Flame            Conj/Fire      #.......     100%        3    ####...
 Inner Flame              Hex/Fire       #.......     100%        3    ####...
 Spider Form              Tmut/Pois      #.........   100%        3    ####...
 Ice Form                 Ice/Tmut       #.......     100%        4    #####..
 Sticky Flame             Conj/Fire      #.......     100%        4    #####..
 Blade Hands              Tmut           #.........   100%        5    ######.
 Fireball                 Conj/Fire      #.........   100%        5    ######.


Dungeon Overview and Level Annotations

Branches:
Dungeon (12/15)            Temple (1/1) D:6            Lair (6/6) D:9
  Swamp (0/4) Lair:4       Spider (0/4) Lair:4          Orc (2/2) D:12
    Elf (0/3) Orc:2
  Slime: Lair:5-6

Altars:
Ashenzari
Cheibriados
Dithmenos
Elyvilon
Fedhas
Gozag
Hepliaklqana
Kikubaaqudgha
Makhleb
Nemelex Xobeh
Okawaru
Qazlal
Ru
Sif Muna
Trog
Uskayaw
Vehumet
Wu Jian
Xom
Yredelemnul
Zin
The Shining One
Beogh

Shops:
D:6 ?

Annotations:
D:8 3 runed translucent doors, Wuag's ghost, novice DrTm
Lair:5 1 runed translucent door, Ihaivurph's ghost, journeyman DsMo


Innate Abilities, Weirdness & Mutations

You have a pair of large horns on your head.
A demonic guardian rushes to your aid.
You are completely covered in sharp spines.
Your movements are less encumbered by armour. (ER -4)
You are agile. (Dex +2)
Your mind is acute. (Int +2)


Message History

Your orange demon stings the orc warrior from afar.
You take 12 damage, and have 55/110 hp.
You spin and attack the ice devil.
You hit the ice devil but do no damage. You headbutt the ice devil!
You spin and attack the orc warrior.
You hit the orc warrior.
You kill the orc warrior!
The Council accepts your kill. The orc high priest misses you.
The red devil hits you but does no damage.
The ice devil hits you but does no damage.
The smoke demon gestures at you. The ball of steam misses you.
You spin and attack the ice devil.
You hit the ice devil but do no damage. You headbutt the ice devil.
You are engulfed in a cloud of scalding steam.
* * * LOW HITPOINT WARNING * * *
The ice devil is struck by your spines. The ice devil barely misses you.
Your orange demon stings the smoke demon!
Your orange demon hits the smoke demon.
You take 2 damage, and have 53/110 hp.
You spin and attack the ice devil repeatedly.
Your shield prevents you from hitting the ice devil.
You headbutt the ice devil, but do no damage.
You hit the ice devil.
You headbutt the ice devil, but do no damage.
You are engulfed in a cloud of scalding steam.
The orc high priest hits you but does no damage.
The ice devil is struck by your spines.
The ice devil hits you but does no damage.
The red devil hits you from afar with a +1 trident of protection!
* * * LOW HITPOINT WARNING * * *
The smoke demon hits something. x2
The smoke demon barely misses something.
You take 11 damage, and have 42/110 hp.
The orc high priest calls down the wrath of Beogh upon you.
Beogh smites you!
* * * LOW HITPOINT WARNING * * *
The ice devil is engulfed in a cloud of scalding steam.
The ball of steam hits your orange demon!!
A ball of steam appears from out of your range of vision.
Your orange demon is engulfed in a cloud of scalding steam.
Your orange demon stings the ice devil.
The ice devil dies!
You take 12 damage, and have 30/110 hp.
The smoke demon gestures at your orange demon.
The ball of steam hits your orange demon!!
Your orange demon dies!
The orc high priest prays.
The orc high priest says, "All sinners must die."
The orc high priest mumbles some strange prayers to Beogh against you.
Beogh smites you!
* * * LOW HITPOINT WARNING * * *
The red devil hits you but does no damage.
You take 12 damage, and have 19/110 hp.
The orc high priest calls down the wrath of Beogh upon you.
Beogh smites you!
* * * LOW HITPOINT WARNING * * *
The smoke demon gestures at you. Beogh smites you!
You die...

....## ##.......###.........##
.....## #.#......###........#
.....># ###......##........##
.#.#.#### ##..............##
#....##.### #.............##
..........# ##.^....)).#.##
#.#.......## ##........####
####..._...## ###.3..####.## #
#.........###.@.....#....#
####.........###..........##
##............#...........##
.............#4...#........####
.......#....).....##.#......#.##
......###..)3o....#####........#
.......##))).......#.#......#.##
.......##.....#....#.......####
##.....#...#####....).....##


You could see an orc high priest, a smoke demon, a red devil and a friendly soul
eater.

Vanquished Creatures
  2 hydras
  2 two-headed ogres
  A catoblepas (Lair:2)
  A death yak (Lair:5)
  2 orc high priests (Orc:2)
  An unseen horror (D:12)
  2 lindwurms (Lair:4)
  4 orc knights (Orc:2)
  A deep elf mage (D:12)
  An ugly thing (D:11)
  An orc sorcerer (Orc:1)
  A salamander (Lair:4)
  3 black mambas
  A rime drake (Lair:5)
  19 spiny frogs
  A rime drake (shapeshifter) (D:11)
  3 komodo dragons
  A troll (D:9)
  3 hornets
  5 blink frogs
  2 slime creatures (D:12)
  2 hippogriffs
  A bog body (Lair:4)
  A tarantella (Lair:4)
  A wyvern (D:9)
  A vampire (D:11)
  24 yaks
  A basilisk (D:12)
  Grum (D:9)
  A vampire mosquito (Lair:6)
  8 water moccasins
  10 porcupines
  4 ice beasts
  21 orc warriors
  A swamp drake (D:12)
  3 black bears
  A sky beast (D:7)
  A hornet zombie (D:9)
  9 ogres
  2 centaurs (D:7)
  A phantom (D:6)
  34 wolves
  12 crocodiles
  3 big kobolds
  18 bullfrogs
  A wyvern skeleton (D:10)
  A water moccasin zombie (D:9)
  3 scorpions
  A water moccasin skeleton (D:10)
  7 wights
  9 killer bees
  2 howler monkeys (D:6)
  2 crimson imps (D:8)
  A bullfrog zombie (D:5)
  2 lava snakes (Lair:4)
  6 jellies
  25 orc priests
  2 quasits
  3 bullfrog skeletons
  5 hounds
  2 centaur skeletons
  3 hell rats (D:6)
  23 orc wizards
  3 iguanas
  5 worker ants
  A hound zombie (D:5)
  A hound skeleton (D:8)
  A worker ant zombie (D:7)
  A howler monkey zombie (D:5)
  A gnoll (D:9)
  8 adders
  4 river rats (D:6)
  2 shadow imps (D:12)
  5 oozes
  An adder skeleton (D:9)
  2 adder zombies
  6 worms
  3 dart slugs
  3 leopard geckos
  122 orcs
  8 giant cockroaches
  9 goblins
  7 hobgoblins
  15 jackals
  18 kobolds
  7 quokkas
  3 ball pythons (D:3)
  10 bats
  7 frilled lizards
  A jackal skeleton (D:7)
  A leopard gecko skeleton (D:4)
  2 quokka skeletons (D:4)
  26 rats
599 creatures vanquished.

Vanquished Creatures (collateral kills)
  Gastronok (Lair:2)
  A hydra (Lair:4)
  A two-headed ogre (D:9)
  2 death yaks (Lair:5)
  An orc high priest (Orc:2)
  4 orc knights (Orc:2)
  2 ugly things
  2 cyclopes (D:11)
  Maurice (D:11)
  Psyche (D:11)
  8 spiny frogs
  A komodo dragon (Lair:2)
  A rime drake (Lair:4)
  2 hornets
  3 blink frogs
  A slime creature (D:12)
  A hippogriff (Lair:1)
  A spriggan (Lair:5)
  34 yaks
  Eustachio (D:4)
  A soldier ant (D:10)
  5 water moccasins
  2 porcupines
  2 orc warriors
  An ogre (D:4)
  10 wolves
  4 crocodiles
  A gnoll sergeant (D:9)
  2 bullfrogs
  3 killer bees (D:8)
  A centaur zombie (D:8)
  3 hounds (D:6)
  An iguana (D:6)
  3 gnolls (D:9)
  9 orcs
  A bat (D:3)
  2 jackals (D:8)
120 creatures vanquished.

Vanquished Creatures (others)
  A worm (D:2)
  A kobold (D:2)
  23 fungi
  29 plants
54 creatures vanquished.

Grand Total: 773 creatures vanquished

Notes
Turn   | Place    | Note
-------+----------+-------------------------------------------
     0 | D:1      | Laraso the Demonspawn Gladiator began the quest for the
                  | Orb.
     0 | D:1      | Reached XP level 1. HP: 16/16 MP: 1/1
   101 | D:1      | Reached skill level 3 in Long Blades
   137 | D:1      | Gained mutation: A weak demonic guardian rushes to your
                  | aid. [demonic ancestry]
   137 | D:1      | Reached XP level 2. HP: 22/22 MP: 2/2
   693 | D:1      | Gained mutation: You are partially covered in sharp spines.
                  | [demonic ancestry]
   693 | D:1      | Reached XP level 3. HP: 26/27 MP: 3/3
   901 | D:1      | Reached skill level 4 in Long Blades
  1563 | D:2      | Found a radiant altar of Vehumet.
  1580 | D:2      | Reached XP level 4. HP: 33/33 MP: 4/4
  2059 | D:3      | Reached skill level 5 in Long Blades
  2112 | D:3      | Found a sparkling altar of Nemelex Xobeh.
  2303 | D:3      | Gained mutation: You are mostly covered in sharp spines.
                  | [demonic ancestry]
  2303 | D:3      | Reached XP level 5. HP: 38/38 MP: 5/5
  2509 | D:3      | Reached skill level 6 in Long Blades
  2874 | D:3      | Found a basalt altar of Yredelemnul.
  3031 | D:4      | Gained mutation: A demonic guardian rushes to your aid.
                  | [demonic ancestry]
  3031 | D:4      | Reached XP level 6. HP: 31/44 MP: 6/6
  3312 | D:4      | Noticed Eustachio
  3341 | D:4      | Killed Eustachio
  3621 | D:4      | Reached skill level 7 in Long Blades
  3728 | D:4      | Gained mutation: You are completely covered in sharp
                  | spines. [demonic ancestry]
  3728 | D:4      | Reached XP level 7. HP: 44/50 MP: 7/7
  4270 | D:5      | Entered Level 5 of the Dungeon
  4313 | D:5      | Reached skill level 8 in Long Blades
  4320 | D:5      | Gained mutation: Your mind is acute. (Int +2) [potion of
                  | mutation]
  4320 | D:5      | Gained mutation: Your movements are slightly less
                  | encumbered by armour. (ER -2) [potion of mutation]
  4320 | D:5      | Gained mutation: You are agile. (Dex +2) [potion of
                  | mutation]
  5090 | D:5      | Reached skill level 9 in Long Blades
  5090 | D:5      | Gained mutation: You have a pair of small horns on your
                  | head. [demonic ancestry]
  5090 | D:5      | Reached XP level 8. HP: 56/56 MP: 8/8
  5234 | D:6      | Found a staircase to the Ecumenical Temple.
  5262 | Temple   | Entered the Ecumenical Temple
  5270 | Temple   | Became a worshipper of the Wu Jian Council
  5506 | D:6      | Reached skill level 10 in Long Blades
  5617 | D:6      | Found Wuviget's Magic Scroll Emporium.
  5644 | D:6      | Bought a scroll of identify for 26 gold pieces
  5644 | D:6      | Bought a scroll of identify for 26 gold pieces
  5644 | D:6      | Bought a scroll of identify for 26 gold pieces
  5785 | D:6      | Found the +2 ratskin cloak {+Rats rPois rN+ Str-1 Int-1
                  | Dex+1}
  5797 | D:6      | Reached * piety under Wu Jian
  6110 | D:7      | Reached skill level 11 in Long Blades
  6110 | D:7      | Mutation became permanent: Your movements are slightly less
                  | encumbered by armour. (ER -2) [demonic ancestry]
  6110 | D:7      | Gained mutation: Your movements are slightly less
                  | encumbered by armour. (ER -2) [demonic ancestry]
  6110 | D:7      | Reached XP level 9. HP: 58/61 MP: 9/9
  6661 | D:7      | Got a jewelled long sword
  6662 | D:7      | Identified the cursed +1 long sword of Corruption {slice,
                  | Dex+6 Stlth-} (You found it on level 7 of the Dungeon)
  7030 | D:8      | Reached ** piety under Wu Jian
  7100 | D:8      | Found an ancient bone altar of Kikubaaqudgha.
  7122 | D:8      | Reached skill level 12 in Long Blades
  7379 | D:8      | Found a runed translucent gate.
  7379 | D:8      | Found a runed translucent gate.
  7379 | D:8      | Found a runed translucent gate.
  7380 | D:8      | Noticed a kobold demonologist
  7380 | D:8      | Noticed Wuag's ghost (novice DrTm)
  7429 | D:8      | Found an opulent altar of Gozag.
  7697 | D:9      | Found a staircase to the Lair.
  7715 | D:9      | Reached *** piety under Wu Jian
  7816 | D:9      | Reached skill level 13 in Long Blades
  7844 | D:9      | Reached XP level 10. HP: 53/67 MP: 10/10
  7972 | D:9      | Noticed a white ugly thing
  7982 | D:9      | Killed a white ugly thing
  8028 | D:9      | Noticed Grum
  8041 | D:9      | Killed Grum
  8297 | D:9      | Reached **** piety under Wu Jian
  8531 | D:9      | Reached skill level 14 in Long Blades
  8667 | D:9      | Noticed a two-headed ogre
  8675 | D:9      | Killed a two-headed ogre
  8675 | D:9      | Reached skill level 2 in Armour
  8844 | D:9      | Noticed a two-headed ogre
  8847 | D:9      | HP: 26/67 [two-headed ogre/+0 giant spiked club (17)]
  8853 | D:9      | Killed a two-headed ogre
  8853 | D:9      | Reached skill level 3 in Armour
  9099 | D:9      | Reached skill level 4 in Armour
  9272 | D:10     | Entered Level 10 of the Dungeon
  9459 | D:10     | Reached skill level 5 in Armour
 10214 | D:10     | Reached skill level 6 in Armour
 10214 | D:10     | Gained mutation: You have a pair of horns on your head.
                  | [demonic ancestry]
 10214 | D:10     | Reached XP level 11. HP: 39/72 MP: 7/11
 10608 | D:11     | Noticed Psyche
 10608 | D:11     | Noticed a cyan ugly thing
 10613 | D:11     | Killed Psyche
 10616 | D:11     | Noticed a cyan ugly thing
 10617 | D:11     | Reached skill level 3 in Dodging
 10625 | D:11     | Killed a cyan ugly thing
 10626 | D:11     | Reached skill level 3 in Fighting
 10886 | D:11     | Killed a cyan ugly thing
 11060 | D:11     | Noticed Maurice
 11064 | D:11     | Reached skill level 4 in Dodging
 11065 | D:11     | Killed Maurice
 11105 | D:11     | Reached skill level 4 in Fighting
 11275 | D:11     | Reached skill level 5 in Dodging
 11345 | D:11     | Reached skill level 5 in Fighting
 11641 | Lair:1   | Entered Level 1 of the Lair of Beasts
 11649 | Lair:1   | Reached ***** piety under Wu Jian
 11725 | Lair:1   | Reached skill level 6 in Fighting
 11728 | Lair:1   | Reached skill level 6 in Dodging
 11770 | Lair:1   | Reached skill level 1 in Evocations
 11794 | Lair:1   | Reached skill level 2 in Evocations
 11976 | Lair:1   | Reached skill level 3 in Evocations
 11981 | Lair:1   | Reached skill level 4 in Evocations
 11982 | Lair:1   | HP: 23/81 [smoke demon][the player character] (13)]
 12898 | Lair:2   | Noticed a seven-headed hydra
 12962 | Lair:2   | Killed a seven-headed hydra
 12962 | Lair:2   | Reached skill level 5 in Evocations
 13130 | Lair:2   | Gained mutation: Your movements are less encumbered by
                  | armour. (ER -4) [demonic ancestry]
 13130 | Lair:2   | Reached XP level 12. HP: 88/88 MP: 15/15
 13208 | Lair:2   | Noticed Gastronok
 13221 | Lair:2   | Killed Gastronok
 13221 | Lair:2   | Reached skill level 7 in Dodging
 13331 | Lair:2   | Reached skill level 8 in Dodging
 13429 | Lair:2   | Noticed a catoblepas
 13443 | Lair:2   | Killed a catoblepas
 13703 | Lair:3   | Reached skill level 9 in Dodging
 13861 | Lair:3   | Reached skill level 10 in Dodging
 13865 | Lair:3   | HP: 33/88 [yak (11)]
 15107 | Lair:4   | Found a hole to the Spider Nest.
 15127 | Lair:4   | Noticed a five-headed hydra
 15132 | Lair:4   | Killed a five-headed hydra
 15132 | Lair:4   | Reached skill level 11 in Dodging
 15178 | Lair:4   | Found a staircase to the Swamp.
 15371 | Lair:4   | Found an opulent altar of Gozag.
 15605 | Lair:4   | Found the +3 pair of gauntlets of War {Slay+5}
 15726 | Lair:4   | Reached XP level 13. HP: 65/93 MP: 16/16
 15901 | Lair:4   | HP: 17/93 [lindwurm/blast of flame (36)]
 16024 | Lair:4   | HP: 14/93 [lindwurm/blast of flame (38)]
 16025 | Lair:4   | Reached ****** piety under Wu Jian
 16879 | Lair:5   | Found the +10 dark maul {crush}
 16889 | Lair:5   | Reached skill level 12 in Dodging
 16902 | Lair:5   | Reached skill level 7 in Fighting
 16911 | Lair:5   | Reached skill level 8 in Fighting
 16913 | Lair:5   | HP: 26/98 [death yak (17)]
 17235 | Lair:5   | Laraso: ??dark maul
 17235 | Lair:5   | beem: dark maul[1/2]: +10 great mace of crushing with
                  | altered stats: 52 dam / -2 acc / 3.0 base delay / 1.65 min
                  | delay (with 27 m&f)
 17235 | Lair:5   | Laraso: ??dark maul[2
 17235 | Lair:5   | beem: dark maul[2/2]: !lg Caricature kaux~~dark_maul -tv:<0.2>
                  | ERROR: string above had unterminated tag
 17609 | Lair:5   | Found a runed translucent door.
 17609 | Lair:5   | Noticed Ihaivurph's ghost (journeyman DsMo)
 17613 | Lair:5   | Identified the cursed +1 trident of Oshruon {pierce, rF+}
 17613 | Lair:5   | Identified the amulet "Gygiv" {Spirit Str+2}
 17973 | Lair:6   | Entered Level 6 of the Lair of Beasts
 17987 | Lair:5   | Reached skill level 9 in Fighting
 17991 | Lair:5   | HP: 39/101 [poisoned by a spiny frog]
 17996 | Lair:5   | HP: 34/101 [poisoned by a spiny frog]
 18001 | Lair:5   | HP: 29/101 [poisoned by a spiny frog]
 18007 | Lair:5   | HP: 26/101 [poisoned by a spiny frog]
 18013 | Lair:5   | HP: 25/101 [poisoned by a spiny frog]
 18018 | Lair:5   | HP: 24/101 [poisoned by a spiny frog]
 18026 | Lair:5   | HP: 24/101 [poisoned by a spiny frog]
 18342 | Lair:6   | Found a sacrificial altar of Ru.
 18388 | Lair:6   | HP: 40/101 [vampire mosquito (8)]
 18409 | Lair:6   | HP: 32/103 [spiny frog (7)]
 18411 | Lair:6   | HP: 1/103 [spiny frog (15)]
 18413 | Lair:6   | Reached skill level 10 in Fighting
 18952 | D:12     | HP: 39/103 [something (10)]
 18957 | D:12     | HP: 35/103 [something/vampiric draining (5)]
 18963 | D:11     | HP: 10/103 [something/vampiric draining (9)]
 19351 | D:12     | Reached skill level 7 in Armour
 20045 | D:12     | Found a staircase to the Orcish Mines.
 20177 | Orc:1    | Entered Level 1 of the Orcish Mines
 20191 | Orc:1    | Reached skill level 8 in Armour
 20418 | Orc:2    | Entered Level 2 of the Orcish Mines
 20457 | Orc:2    | Found a roughly hewn altar of Beogh.
 20545 | Orc:2    | Found a staircase to the Elven Halls.
 20549 | Orc:2    | Found a roughly hewn altar of Beogh.
 20931 | Orc:2    | Gained mutation: You have a pair of large horns on your
                  | head. [demonic ancestry]
 20931 | Orc:2    | Reached XP level 14. HP: 102/110 MP: 14/17
 21005 | Orc:2    | Reached skill level 9 in Armour
 21220 | Orc:2    | HP: 25/110 [orc knight/bolt (22)]
 21225 | Orc:2    | HP: 16/110 [orc high priest/divine providence (11)]
 21236 | Orc:2    | HP: 16/110 [orc warrior/+0 trident (13)]
 21849 | Orc:2    | HP: 42/110 [red devil/+1 trident of protection[an orc high
                  | priest] (12)]
 21855 | Orc:2    | HP: 19/110 [orc high priest/divine providence (12)]
 21857 | Orc:2    | HP: 8/110 [orc high priest/divine providence (12)]
 21857 | Orc:2    | Killed from afar by a smoke demon

Levels and vault maps discovered:
D:1:      lightli_arrival_flooded_house, layout_loops_corners
D:2:      layout_basic, fiery_altar_vehumet
D:3:      minmay_evil_eye, layout_basic, yredelemnul_altar_generic,
          nicolae_overflow_crystal_walls, grunt_ministairs_12,
          serial_bayou_ford_a
D:4:      layout_layer_cave, uniq_eustachio
D:5:      layout_basic, first_ration, minmay_stone_trees_small
D:6:      wander_guarded_unrand_ratskin, layout_cave_pools,
          minmay_temple_entry_statues, serial_shops, shop, minmay_small_thing
D:7:      layout_basic
D:8:      layout_rooms, lemuel_round_altar, gammafunk_ghost_nasty_kobolds,
          grunt_gozag_statues
D:9:      layout_basic, due_lair_maze_entry_diamond, uniq_grum
D:10:     layout_stronghold, hangedman_pestilent_swarm
D:11:     layout_cave_pools, uniq_maurice, uniq_psyche
D:12:     layout_loops_ring, erik_orc_1, wad_floor_pattern_2
Temple:   nicolae_temple_no_exploring_needed
Lair:1:   layout_misc_corridors, lemuel_old_faithful, serial_bayou_shore_a
Lair:2:   layout_long_grid, beast_lair_carwin_10, grunt_megastairs_1,
          uniq_gastronok
Lair:3:   layout_regular_city
Lair:4:   cheibrodos_lair_overgrown_chateau, layout_gridlike,
          skrybe_swamp_entry_bodies, spider_nest_entry_rubble, basic_altar,
          wad_woods_road_05
Lair:5:   layout_regular_city, ebering_ghost_funeral_grove,
          grunt_forest_large_clearings
Lair:6:   minmay_lair_end_frog_pond, layout_misc_corridors,
          minmay_slime_entry_jelly_boxes, basic_altar
Orc:1:    layout_caves, uniq_erolcha
Orc:2:    st_orc_pillars, layout_diamond_mine, basic_altar, mines2_david

Skill      XL: |  1  2  3  4  5  6  7  8  9 10 11 12 13 14 |
---------------+-------------------------------------------+-----
Long Blades    | 3 4 5 6 7 9 11 13 14 | 14.0
Armour         | 6 8 9 |  9.7
Dodging        | 6 11 12 | 12.0
Fighting       | 6 10 | 10.0
Evocations     | 5 |  5.2
Throwing       | |  1.7

Action                   |  1- 3 |  4- 6 |  7- 9 | 10-12 | 13-15 || total
-------------------------+-------+-------+-------+-------+-------++-------
Melee: Long sword        |   129 |   137 |   128 |   606 |   607 ||  1607
       Falchion          |       |    29 |   188 |       |       ||   217
       Headbutt          |       |       |    60 |   211 |   223 ||   494
Invok: Lunge             |       |       |    23 |    53 |    39 ||   115
       Whirlwind         |       |       |       |    12 |   141 ||   153
       Heavenly Storm    |       |       |       |       |     2 ||     2
       Serpent's Lash    |       |       |       |       |     1 ||     1
 Abil: Evoke Ratskin     |       |       |     5 |    16 |    16 ||    37
       Wall Jump         |       |       |       |       |     1 ||     1
Evoke: Wand              |       |       |       |     3 |     2 ||     5
  Use: Scroll            |       |     9 |    11 |     5 |     5 ||    30
       Potion            |       |       |     1 |     1 |     6 ||     8
 Stab: Sleeping          |     1 |       |       |       |       ||     1
       Distracted        |       |       |       |     9 |     2 ||    11
  Eat: Chunk             |     2 |     8 |    14 |    24 |    21 ||    69
       Ration            |       |       |       |     2 |     1 ||     3
Armor: Leather armour    |    30 |       |       |       |       ||    30
       Chain mail        |    16 |    74 |    84 |   173 |   147 ||   494
Dodge: Dodged            |    51 |    15 |    25 |   107 |   228 ||   426
Block: Large shield      |    61 |    92 |   183 |   291 |   235 ||   862
       Rpst.: Long sword |    21 |     3 |     6 |    34 |    61 ||   125
       Falchion          |       |     2 |     5 |       |       ||     7

Table legend:
 A = Non-vault XP
 B = Vault XP
 C = Vault XP percentage of total XP
 D = Non-vault monster count
 E = Vault monster count
 F = Vault count percentage of total count
                 A         B        C        D         E       F
            +---------+---------+-------+---------+---------+-------
      Total |   43914 |   27251 |  38.3 |     521 |     198 |  27.5
            +---------+---------+-------+---------+---------+-------
        D:1 |      54 |       0 |   0.0 |      31 |       0 |   0.0
        D:2 |      93 |       0 |   0.0 |      27 |       0 |   0.0
        D:3 |     188 |      15 |   7.4 |      38 |       5 |  11.6
        D:4 |     500 |      98 |  16.4 |      25 |       1 |   3.8
        D:5 |     637 |       0 |   0.0 |      22 |       0 |   0.0
        D:6 |     818 |     171 |  17.3 |      20 |      21 |  51.2
        D:7 |     830 |       0 |   0.0 |      23 |       0 |   0.0
        D:8 |    1062 |       0 |   0.0 |      39 |       0 |   0.0
        D:9 |    3573 |    1576 |  30.6 |      50 |      13 |  20.6
       D:10 |     771 |     832 |  51.9 |      21 |       4 |  16.0
       D:11 |    4266 |     546 |  11.3 |      37 |       2 |   5.1
       D:12 |    6117 |     579 |   8.6 |      40 |      17 |  29.8
     Lair:1 |    4396 |       0 |   0.0 |      27 |       0 |   0.0
     Lair:2 |    1759 |    4948 |  73.8 |       9 |      12 |  57.1
     Lair:3 |    5195 |       0 |   0.0 |      34 |       0 |   0.0
     Lair:4 |    4057 |    4595 |  53.1 |      18 |      19 |  51.4
     Lair:5 |    5257 |    3958 |  43.0 |      14 |      37 |  72.5
     Lair:6 |    1733 |    2530 |  59.3 |      11 |      10 |  47.6
      Orc:1 |     779 |       0 |   0.0 |       8 |       0 |   0.0
      Orc:2 |    1829 |    7403 |  80.2 |      27 |      57 |  67.9
            +---------+---------+-------+---------+---------+-------

Table legend:
 A = Kills in this place as a percentage of kills in entire the game.
 B = Kills by you in this place as a percentage of kills by you in the entire game.
 C = Kills by friends in this place as a percentage of kills by friends in the entire game.
 D = Other kills in this place as a percentage of other kills in the entire game.
 E = Experience gained in this place as a percentage of experience gained in the entire game.
 F = Experience gained in this place divided by the number of levels of this place that you have seen.
                   A       B       C       D       E      F
               +-------+-------+-------+-------+-------+----------------------
         Total | 100.0 | 100.0 | 100.0 |   N/A | 100.0 | 3388.8
       Dungeon |  60.6 |  64.9 |  39.2 |   N/A |  31.9 | 1893.8
          Lair |  26.6 |  21.2 |  53.3 |   N/A |  54.0 | 6404.7
  Orcish Mines |  12.8 |  13.9 |   7.5 |   N/A |  14.1 | 5005.5
               +-------+-------+-------+-------+-------+----------------------

Table legend:
 A = Turns spent in this place as a percentage of turns spent in the entire game.
 B = Non-inter-level travel turns spent in this place as a percentage of non-inter-level travel turns spent in the entire game.
 C = Inter-level travel turns spent in this place as a percentage of turns spent in this place.
 D = Turns resting spent in this place as a percentage of non-inter-level travel turns spent in this place.
 E = Turns spent auto-exploring this place as a percentage of non-inter-level travel turns spent in this place.
 F = Non-inter-level travel turns spent in this place divided by the number of levels of this place that you've seen.
                   A       B       C       D       E      F
               +-------+-------+-------+-------+-------+----------------------
         Total | 100.0 | 100.0 |   3.5 |  30.0 |  47.4 | 1004.0
       Dungeon |  59.2 |  58.9 |   4.1 |  25.2 |  51.7 | 1034.5
        Temple |   0.1 |   0.0 |  41.2 |   0.0 |   0.0 |  10.0
          Lair |  33.0 |  33.2 |   3.0 |  37.7 |  46.1 | 1166.0
  Orcish Mines |   7.7 |   7.9 |   1.0 |  34.3 |  20.8 | 832.0
               +-------+-------+-------+-------+-------+----------------------

Levels and vault maps discovered:
D:1:      lightli_arrival_flooded_house, layout_loops_corners
D:2:      layout_basic, fiery_altar_vehumet
D:3:      minmay_evil_eye, layout_basic, yredelemnul_altar_generic,
          nicolae_overflow_crystal_walls, grunt_ministairs_12,
          serial_bayou_ford_a
D:4:      layout_layer_cave, uniq_eustachio
D:5:      layout_basic, first_ration, minmay_stone_trees_small
D:6:      wander_guarded_unrand_ratskin, layout_cave_pools,
          minmay_temple_entry_statues, serial_shops, shop, minmay_small_thing
D:7:      layout_basic
D:8:      layout_rooms, lemuel_round_altar, gammafunk_ghost_nasty_kobolds,
          grunt_gozag_statues
D:9:      layout_basic, due_lair_maze_entry_diamond, uniq_grum
D:10:     layout_stronghold, hangedman_pestilent_swarm
D:11:     layout_cave_pools, uniq_maurice, uniq_psyche
D:12:     layout_loops_ring, erik_orc_1, wad_floor_pattern_2
Temple:   nicolae_temple_no_exploring_needed
Lair:1:   layout_misc_corridors, lemuel_old_faithful, serial_bayou_shore_a
Lair:2:   layout_long_grid, beast_lair_carwin_10, grunt_megastairs_1,
          uniq_gastronok
Lair:3:   layout_regular_city
Lair:4:   cheibrodos_lair_overgrown_chateau, layout_gridlike,
          skrybe_swamp_entry_bodies, spider_nest_entry_rubble, basic_altar,
          wad_woods_road_05
Lair:5:   layout_regular_city, ebering_ghost_funeral_grove,
          grunt_forest_large_clearings
Lair:6:   minmay_lair_end_frog_pond, layout_misc_corridors,
          minmay_slime_entry_jelly_boxes, basic_altar
Orc:1:    layout_caves, uniq_erolcha
Orc:2:    st_orc_pillars, layout_diamond_mine, basic_altar, mines2_david
